AoeStats
← Sherynan

Arabia

510711564Analyzed
1v1 RM · 1d ago on Oct 2, 2026· 60m 53s· 2 players
Game mode
Random Map
Map size
Tiny (2 player)
Population
200
Speed
Normal
Resources
Standard
Victory
Conquest
Starting age
Dark Age
Ending age
Imperial Age
RankedLock teamsTeams togetherTeam positionsShared explorationLock speedFull tech treeHidden civsTurbo modeCheats
Victory
Defeat
🇪🇸 Slavs · Spain
193
+17
🇨🇭 Britons · Switzerland
213
-17
Sherynan
1:04 Loom
12:55 Feudal Age
13:50 Double-Bit Axe
13:27 Man-at-Arms
17:37 Wheelbarrow
17:02 Gold Mining
23:59 Castle Age
22:19 Forging
22:00 Fletching
22:14 Scale Mail Armor
25:41 Horse Collar
26:18 Bodkin Arrow
26:28 Stone Mining
27:18 Gold Shaft Mining
26:27 Light Cavalry
27:20 Bloodlines
27:14 Husbandry
31:13 Scale Barding Armor
31:45 Iron Casting
33:19 Long Swordsman
37:39 Hand Cart
39:00 Chain Barding Armor
38:23 Crossbowman
42:44 Chain Barding Armor
42:25 Town Watch
44:26 Town Patrol
44:39 Detinets
45:00 Bow Saw
50:36 Imperial Age
50:15 Squires
49:36 Pikeman
53:17 Blast Furnace
52:53 Plate Barding Armor
51:43 Elite Boyar
52:59 Hoardings
54:42 Chain Mail Armor
54:26 Halberdier
54:31 Two-Handed Swordsman
56:46 Champion
kevinkupferschmid
13:49 Feudal Age
14:14 Horse Collar
14:23 Double-Bit Axe
15:26 Wheelbarrow
27:03 Castle Age
26:52 Man-at-Arms
31:16 Crossbowman
31:19 Long Swordsman
31:45 Gambesons
31:38 Light Cavalry
35:46 Hand Cart
45:51 Imperial Age
53:01 Bow Saw
53:03 Heavy Plow
54:02 Cavalier
54:44 Husbandry
55:53 Elite Longbowman
Connection lost

Rejoining the realm…

Still unreachable

The connection could not be restored.

Session expired

The server has moved on; the page needs a fresh start.